 Dungeon Sprint DCSS version 0.30.0-19-g36f170ea60 (webtiles) character file.

Game seed: 5821134054675572320

8700000 Groucho the Axe Maniac (level 27, -49/188 (228) HPs)
             Began as a Djinni Warper on May 28, 2023.
             Was the Champion of Makhleb.
             Killed from afar by a wretched soul (127 damage)
             ... with a bolt of negative energy
             ... in the Dungeon (Sprint VIII: "Arena of Blood").
             The game lasted 00:04:24 (87 turns).

Groucho the Axe Maniac (Djinni Warper)                Turns: 87, Time: 00:04:24

HP:   -49/188 (228) AC:  6    Str: 10    XL:     27
Gold: 0             EV: 28    Int: 25    God:    Makhleb [******] SH:  0 Dex: 17

rFire   + + .        i - +∞ Axe of Woe
rCold   x . .        (shield currently unavailable)
rNeg    . . .        b - +0 leather armour
rPois   ∞            (no helmet)
rElec   .            (no cloak)
rCorr   .            (no gloves)
SInv    .            (boots unavailable)
Will    ++...        (no amulet)
Stlth   +++++++++    (no ring)
HPRegen 0.51/turn    (no ring)
MPRegen 0.00/turn

%: no teleportation, infuse magic (-50 HP)
@: flying, heavily drained
A: sickness immunity, fire resistance 2, cold vulnerability 1, float, innate
caster, HP casting, extra vitality 1
a: Renounce Religion, Minor Destruction, Lesser Servant of Makhleb, Major
Destruction, Greater Servant of Makhleb


You were in the Dungeon.
You worshipped Makhleb.
Makhleb was exalted by your worship.
You visited 1 branch

Inventory:

Hand Weapons
 a - a +0 hand axe
 i - the +∞ Axe of Woe (weapon)
   (You found it in the Dungeon)
Missiles
 d - 7 boomerangs of dispersal
Armour
 b - a +0 leather armour (worn)
Jewellery
 j - a ring of see invisible
 k - a +200 ring of slaying
 l - a +200 ring of slaying
 m - a +200 ring of slaying
 n - a +200 ring of slaying
Scrolls
 c - 2 scrolls of blinking
Potions
 e - a potion of curing
 f - a potion of heal wounds
 g - a potion of haste
 h - a potion of berserk rage


   Skills:
 O Level 27 Fighting
 + Level 25.8(27) Short Blades
 + Level 25.8(27) Long Blades
 O Level 27 Axes
 + Level 24.0(27) Maces & Flails
 + Level 24.0(27) Polearms
 + Level 25.8(27) Staves
 + Level 23.9 Ranged Weapons
 + Level 24.0 Throwing
 O Level 27 Armour
 O Level 27 Dodging
 O Level 27 Stealth
 O Level 27 Shields
 O Level 27 Unarmed Combat
 O Level 27 Spellcasting
 O Level 27 Invocations
 O Level 27 Evocations


You knew the following spells:

 Your Spells              Type           Power      Damage    Failure   Level
a - Blink                 Tloc           100%       N/A       0%          2
b - Lesser Beckoning      Tloc           100%       N/A       0%          2
c - Vhi's Electric Charg  Tloc/Air       100%       N/A       0%          3
d - Teleport Other        Tloc           100%       N/A       0%          3
e - Manifold Assault      Tloc           100%       N/A       0%          4
f - Sting                 Tmut/Pois      100%       1d8       0%          1
g - Momentum Strike       Conj/Tloc      100%       3d10      0%          2
h - Tukima's Dance        Hex            100%       N/A       0%          3
i - Summon Ice Beast      Ice/Summ       100%       N/A       0%          4
j - Fulminant Prism       Conj/Hex       53%        3d22      0%          4
k - Alistair's Intoxicat  Tmut/Pois      70%        N/A       0%          5
l - Starburst             Conj/Fire      53%        6d14      0%          6
m - Dragon Form           Tmut           53%        N/A       0%          7
n - Conjure Ball Lightni  Conj/Air       53%        3x3d18    0%          6
o - Haunt                 Necr/Summ      53%        N/A       0%          7
p - Summon Hydra          Summ           53%        N/A       0%          7
q - Infestation           Necr           53%        N/A       1%          8
r - Chain Lightning       Conj/Air       53%        3d70      1%          9
Your spell library was empty.

Dungeon Overview and Level Annotations

Branches:
Dungeon (1/1)

Altars:
Makhleb


Innate Abilities, Weirdness & Mutations

You are immune to sickness and miasma.
You are immune to poison.
Your flesh is very heat resistant. (rF++)
You are vulnerable to cold. (rC-)
You float through the air rather than walking.
You learn spells naturally, not from books.
Your magical power is your life essence.
You have superior vitality. (+4 MHP)


Message History

Unknown command.
Unknown command.
The accursed appears out of thin air!
An accursed comes into view.
You hear a shout! x10
The eight-headed meat hydra calls on the powers of darkness!
The eight-headed meat hydra convulses!
The bag of meat convulses!
The large bag of meat convulses!
Flame seeps out of the large bag of meat.
The bag of meat convulses! x2; Your body is wracked with pain!
The bag of meat convulses!
You hear a shout! x2
Items here: )))) ==== ††.
Unknown command.
Unknown command.
You slash the bag of meat!
You dissect the bag of meat like a pig carcass.
You kill the bag of meat!
Makhleb accepts your kill.
You hear a shout! x11
The large bag of meat is engulfed in blazing flames.
You hear a shout!
Your base Maces & Flails skill increases to level 24!
Your base Polearms skill increases to level 24!
Your Throwing skill increases to level 24!
Unknown command.
Unknown command.
Unknown command.
n - a +200 ring of slaying You feel yourself speed up.
You hear a shout!
A meat berserker comes into view. It is wielding a +9 battleaxe.
You hear a shout! x2
A bolt of negative energy appears from out of thin air!
The bolt of negative energy hits something.
Deactivating autopickup; reactivate with Ctrl-A.
The bolt of negative energy hits you!!!!
You feel drained.
Ouch! That really hurt!
You die...

#........))......
.#..).).....O...##..
#..)))#)...)...#)...
...).)..).)...)#...#
....##.#......oo..
........)..D...oz.
.####...)#..).O###
.......{...)....#..
...†....o))@...M...
###......)†)......#
#################


You could see an accursed, an eight-headed meat hydra, a sculptor of flesh, a
large bag of meat (inner flame), a meat berserker (berserk) and 4 bags of meat.

Vanquished Creatures
  2 royal mummies (D)
  A wraith (D)
  7 vampire knights (D)
  20 ogres (D)
  3 two-headed ogres (D)
  A lich (D)
  2 hydras (D)
  47 orcs (D)
  3 skeletal warriors (D)
86 creatures vanquished.

Notes
Turn   | Place    | Note
-------+----------+-------------------------------------------
     0 | D        | Found the +∞ Axe of Woe
     0 | D        | Groucho the Djinni Warper began the quest for the Orb.
     0 | D        | Groucho set off with the following spells memorised: Blink,
                  | Lesser Beckoning, Vhi's Electric Charge, Teleport Other,
                  | Manifold Assault.
     0 | D        | Reached XP level 1. HP: 18/18 MP: 0/0
     1 | D        | Noticed a bag of meat
     3 | D        | Noticed a meat berserker
     4 | D        | Killed a meat berserker
     4 | D        | Noticed a bag of meat
     5 | D        | Reached XP level 2. HP: 23/23 MP: 0/0
     5 | D        | Reached XP level 3. HP: 28/28 MP: 0/0
     5 | D        | Learned a level 1 spell: Sting
     5 | D        | Reached XP level 4. HP: 33/33 MP: 0/0
     5 | D        | Reached XP level 5. HP: 38/38 MP: 0/0
     5 | D        | Learned a level 2 spell: Momentum Strike
     5 | D        | Reached XP level 6. HP: 43/43 MP: 0/0
     5 | D        | Reached XP level 7. HP: 49/49 MP: 0/0
     5 | D        | Learned a level 3 spell: Tukima's Dance
     5 | D        | Reached XP level 8. HP: 54/54 MP: 0/0
     5 | D        | Reached XP level 9. HP: 58/58 MP: 0/0
     5 | D        | Learned a level 4 spell: Summon Ice Beast
     5 | D        | Reached XP level 10. HP: 64/64 MP: 0/0
     5 | D        | Reached XP level 11. HP: 68/68 MP: 0/0
     5 | D        | Learned a level 4 spell: Fulminant Prism
     5 | D        | Reached XP level 12. HP: 74/74 MP: 0/0
     5 | D        | Noticed a bag of meat
     5 | D        | Became a worshipper of Makhleb the Destroyer
     5 | D        | Noticed a bag of meat
     7 | D        | Killed a bag of meat
     7 | D        | Noticed a meat berserker
     8 | D        | Reached XP level 13. HP: 78/78 MP: 0/0
     8 | D        | Learned a level 5 spell: Alistair's Intoxication
     8 | D        | Killed a bag of meat
     8 | D        | Reached * piety under Makhleb
     9 | D        | Killed a bag of meat
    10 | D        | Reached XP level 14. HP: 85/85 MP: 0/0
    10 | D        | Killed a bag of meat
    10 | D        | Noticed a meat berserker
    11 | D        | Reached skill level 15 in Spellcasting
    11 | D        | Killed a meat berserker
    11 | D        | Reached ** piety under Makhleb
    11 | D        | Killed a meat berserker
    12 | D        | Reached XP level 15. HP: 89/89 MP: 0/0
    12 | D        | Learned a level 6 spell: Starburst
    14 | D        | Reached *** piety under Makhleb
    14 | D        | Noticed a large bag of meat
    15 | D        | Reached skill level 27 in Axes
    15 | D        | Reached XP level 16. HP: 94/94 MP: 0/0
    16 | D        | Reached **** piety under Makhleb
    16 | D        | Killed a large bag of meat
    17 | D        | Reached skill level 27 in Dodging
    17 | D        | Reached XP level 17. HP: 99/99 MP: 0/0
    17 | D        | Learned a level 7 spell: Dragon Form
    18 | D        | Noticed a meat berserker
    18 | D        | Noticed a large bag of meat
    19 | D        | Reached ***** piety under Makhleb
    19 | D        | Noticed a meat berserker
    21 | D        | Reached skill level 27 in Spellcasting
    21 | D        | Reached skill level 15 in Fighting
    21 | D        | Reached skill level 15 in Armour
    21 | D        | Reached XP level 18. HP: 138/138 MP: 0/0
    21 | D        | Killed a large bag of meat
    21 | D        | Reached ****** piety under Makhleb
    21 | D        | Noticed a meat berserker
    22 | D        | Reached XP level 19. HP: 160/160 MP: 0/0
    22 | D        | Learned a level 6 spell: Conjure Ball Lightning
    22 | D        | Noticed a meat berserker
    22 | D        | Noticed a meat berserker
    23 | D        | Killed a meat berserker
    23 | D        | Noticed a meat berserker
    24 | D        | Killed a meat berserker
    24 | D        | Killed a meat berserker
    25 | D        | Reached skill level 27 in Fighting
    25 | D        | Reached skill level 27 in Armour
    25 | D        | Reached XP level 20. HP: 181/181 MP: 0/0
    26 | D        | Noticed a meat berserker
    27 | D        | Reached XP level 21. HP: 187/187 MP: 0/0
    27 | D        | Learned a level 7 spell: Haunt
    27 | D        | Killed a meat berserker
    27 | D        | Killed a meat berserker
    28 | D        | Reached skill level 27 in Invocations
    29 | D        | Killed a meat berserker
    29 | D        | Noticed a large bag of meat
    32 | D        | Reached skill level 27 in Stealth
    32 | D        | Reached XP level 22. HP: 194/194 MP: 0/0
    32 | D        | Noticed a meat berserker
    33 | D        | Noticed a destroyer
    33 | D        | Killed a meat berserker
    34 | D        | Reached skill level 5 in Short Blades
    34 | D        | Reached skill level 5 in Long Blades
    34 | D        | Reached skill level 5 in Staves
    34 | D        | Reached skill level 5 in Unarmed Combat
    34 | D        | Reached skill level 5 in Evocations
    34 | D        | Noticed a destroyer
    35 | D        | Killed a destroyer
    36 | D        | Noticed a destroyer
    37 | D        | Noticed a meat berserker
    37 | D        | Noticed a meat berserker
    38 | D        | Reached skill level 10 in Unarmed Combat
    38 | D        | Reached skill level 10 in Evocations
    38 | D        | Reached XP level 23. HP: 201/201 MP: 0/0
    38 | D        | Learned a level 7 spell: Summon Hydra
    38 | D        | Killed a large bag of meat
    39 | D        | Reached skill level 10 in Maces & Flails
    39 | D        | Reached skill level 10 in Polearms
    39 | D        | Reached skill level 10 in Ranged Weapons
    39 | D        | Reached skill level 10 in Throwing
    40 | D        | Killed a destroyer
    45 | D        | Killed a destroyer
    46 | D        | Reached skill level 15 in Unarmed Combat
    46 | D        | Reached skill level 15 in Evocations
    46 | D        | Reached XP level 24. HP: 208/208 MP: 0/0
    46 | D        | Noticed an accursed
    47 | D        | Reached skill level 15 in Short Blades
    47 | D        | Reached skill level 15 in Long Blades
    47 | D        | Reached skill level 15 in Staves
    49 | D        | Noticed a tyrant
    53 | D        | Reached skill level 15 in Maces & Flails
    53 | D        | Reached skill level 15 in Polearms
    53 | D        | Reached skill level 15 in Ranged Weapons
    53 | D        | Reached skill level 15 in Throwing
    53 | D        | Reached XP level 25. HP: 148/214 MP: 0/0
    53 | D        | Learned a level 8 spell: Infestation
    56 | D        | Noticed a destroyer
    58 | D        | Killed a destroyer
    59 | D        | Noticed a dread
    59 | D        | Noticed a destroyer
    60 | D        | Noticed an accursed
    61 | D        | Killed an accursed
    61 | D        | Killed a destroyer
    62 | D        | Reached skill level 27 in Shields
    62 | D        | Reached XP level 26. HP: 209/221 MP: 0/0
    66 | D        | Noticed a destroyer
    69 | D        | Killed a tyrant
    70 | D        | Killed a dread
    71 | D        | Reached XP level 27. HP: 134/228 MP: 0/0
    71 | D        | Learned a level 9 spell: Chain Lightning
    71 | D        | Killed an accursed
    73 | D        | Killed a destroyer
    76 | D        | Noticed a large bag of meat
    82 | D        | Reached skill level 27 in Unarmed Combat
    82 | D        | Noticed a destroyer
    83 | D        | Killed a destroyer
    84 | D        | Reached skill level 27 in Evocations
    86 | D        | Noticed an accursed
    87 | D        | Killed from afar by a wretched soul

Illustrated notes

Levels and vault maps discovered:
D:        meatsprint

Skill      XL: |  1  2  3  4  5  6  7  8  9 10 11 12 13 14 15 16 17 18 19 20 21 22 23 24 25 26 27 |
---------------+----------------------------------------------------------------------------------+-----
Axes           | 17 19 21 25 27 | 27.0
Dodging        | 16 18 20 23 26 27 | 27.0
Spellcasting   | 12 13 14 17 19 22 27 | 27.0
Fighting       | 15 21 27 | 27.0
Armour         | 15 21 27 | 27.0
Invocations    | 20 26 27 | 27.0
Stealth        | 27 | 27.0
Short Blades   | 9 14 16 19 22 25 | 25.8
Long Blades    | 9 14 16 19 22 25 | 25.8
Maces & Flails | 8 12 15 18 20 24 | 24.0
Polearms       | 8 12 15 18 20 24 | 24.0
Staves         | 9 14 16 19 22 25 | 25.8
Ranged Weapons | 8 12 15 18 20 23 | 23.9
Throwing       | 9 12 15 18 20 24 | 24.0
Shields        | 14 20 24 27 | 27.0
Unarmed Combat | 10 15 18 21 24 27 | 27.0
Evocations     | 10 15 18 21 24 27 | 27.0

Action                     |  1- 3 |  4- 6 |  7- 9 | 10-12 | 13-15 | 16-18 | 19-21 | 22-24 | 25-27 || total
---------------------------+-------+-------+-------+-------+-------+-------+-------+-------+-------++-------
  Melee: Executioner's axe |     1 |       |       |     1 |     9 |    14 |    13 |    14 |    26 ||    78
   Cast: Manifold Assault  |       |       |       |       |     2 |     4 |     1 |     1 |     2 ||    10
 Invoke: Major Destruction |       |       |       |       |       |       |       |     1 |       ||     1
  Dodge: Dodged            |       |       |       |       |       |       |       |     1 |       ||     1
